[Event "Titled Tuesday Blitz May 25 2021"]
[White "Nazaretyan, Tigran"]
[Black "Pavlidis, Anastasios"]
[WhiteFideId "24162345"]
[BlackFideId "4208404"]
[WhiteElo "2247"]
[BlackElo "2136"]
[Result "1-0"]
[Round "01"]
[TimeControl "180+1"]
[Date "2021.05.25"]
[WhiteClock "0:00:16"]
[BlackClock "0:00:02"]

1. d4 Nf6 2. c4 g6 3. Nc3 Bg7 4. e4 d6 5. Nf3 O-O 6. Be2 e5 7. O-O Nc6 8. d5 Ne7 9. b4 Ne8 10. c5 a5 11. Ba3 axb4 12. Bxb4 b6 13. cxb6 cxb6 14. Nd2 f5 15. Nc4 h5 16. exf5 gxf5 17. Bxh5 e4 18. Bxe8 Qxe8 19. Nxd6 Qg6 20. Nxc8 Rfxc8 21. Bxe7 Bxc3 22. Rc1 Rxa2 23. d6 Kh7 24. Rxc3 Rxc3 25. d7 e3 26. d8=Q e2 27. Qb1 exf1=Q+ 28. Qxf1 Rac2 29. Bg5 Rc7 30. h4 R2c4 31. Qfd3 b5 32. Q8d5 Re4 33. Qd6 Qg7 34. f3 Re1+ 35. Kh2 Rf7 36. Qxb5 Qf8 37. Qxf8 Rxf8 38. Qd7+ Kg8 39. Qd5+ Rf7 40. h5 1-0


[Site "https://www.chess.com"]

[Event "Titled Tuesday Blitz May 25 2021"]
[White "Nesterov, Arseniy"]
[Black "Martin Carmona, Gaston Manuel"]
[WhiteFideId "24198455"]
[BlackFideId "22284567"]
[WhiteElo "2441"]
[BlackElo "2144"]
[Result "0-1"]
[Round "01"]
[TimeControl "180+1"]
[Date "2021.05.25"]
[WhiteClock "0:00:05"]
[BlackClock "0:00:20"]

1. d4 Nf6 2. c4 e6 3. Nf3 d5 4. Nc3 c5 5. cxd5 Nxd5 6. e4 Nxc3 7. bxc3 cxd4 8. cxd4 Bb4+ 9. Bd2 Bxd2+ 10. Qxd2 O-O 11. Bc4 Nd7 12. O-O b6 13. Rad1 Bb7 14. Rfe1 Rc8 15. Bb3 Re8 16. h3 Nf6 17. Qf4 Nh5 18. Qe5 Nf6 19. Qf4 Qc7 20. Qxc7 Rxc7 21. d5 exd5 22. exd5 Rxe1+ 23. Rxe1 Kf8 24. Nd4 Bxd5 25. Nb5 Rd7 26. Rc1 Bxb3 27. axb3 Ke7 28. Na3 Nd5 29. Nc4 f6 30. Re1+ Kf7 31. Rd1 b5 32. Na5 Nb6 33. Ra1 Rc7 34. b4 Nd5 35. Rb1 Ke6 36. Nb3 Rc4 37. Nc5+ Kd6 38. Na6 g5 39. g3 h5 40. Rd1 Kc6 41. Nb8+ Kd6 42. Na6 Ke5 43. Re1+ Re4 44. Rb1 h4 45. Nc5 Rc4 46. gxh4 Rxh4 47. Kg2 Kd4 48. Ne6+ Kc4 49. Kg3 Re4 50. f3 Rxe6 0-1


[Site "https://www.chess.com"]

[Event "Titled Tuesday Blitz May 25 2021"]
[White "Nguyen, Ngoc Truong Son"]
[Black "DieHardCuban"]
[WhiteFideId "12401110"]
[WhiteElo "2596"]
[BlackElo "2444"]
[Result "1-0"]
[Round "01"]
[TimeControl "180+1"]
[Date "2021.05.25"]
[WhiteClock "0:01:10"]
[BlackClock "0:00:02"]

1. d4 Nf6 2. Nf3 d5 3. Bf4 c5 4. e3 e6 5. c3 Bd6 6. Bg3 Qc7 7. Nbd2 Nbd7 8. Nb3 c4 9. Nbd2 O-O 10. Be2 b5 11. O-O a5 12. Qc2 Bb7 13. Rfc1 Rfc8 14. b3 Bc6 15. Qd1 Bxg3 16. hxg3 Qd6 17. Rcb1 b4 18. bxc4 bxc3 19. c5 Qc7 20. Nf1 Ne4 21. Bd3 Ndf6 22. Ne5 Rcb8 23. f3 Ng5 24. Qc2 Rxb1 25. Rxb1 Nd7 26. Nxc6 Qxc6 27. Bb5 Qc7 28. Bxd7 e5 1-0


[Site "https://www.chess.com"]

[Event "Titled Tuesday Blitz May 25 2021"]
[White "Ochedzan, Tymon"]
[Black "Borsuk, Konstantin"]
[WhiteFideId "21810389"]
[BlackFideId "14113406"]
[WhiteElo "2021"]
[BlackElo "2363"]
[Result "0-1"]
[Round "01"]
[TimeControl "180+1"]
[Date "2021.05.25"]
[WhiteClock "0:00:53"]
[BlackClock "0:01:52"]

1. e4 e6 2. d4 d5 3. Nc3 Bb4 4. e5 Qd7 5. a3 Bxc3+ 6. bxc3 b6 7. f4 Nc6 8. Nf3 Na5 9. Bd3 Bb7 10. O-O Ne7 11. a4 Nec6 12. Ba3 Nc4 13. Bxc4 dxc4 14. Qe2 Qd5 15. Nd2 O-O-O 16. Qxc4 Qxc4 17. Nxc4 Ba6 18. Ne3 Bxf1 19. Rxf1 g6 20. Ng4 Kb7 21. Nf6 Na5 22. Be7 Rc8 23. Rb1 h5 24. h4 Ka6 25. Kf2 Nc4 26. Rb4 Na5 27. Ke2 Nc6 28. Rc4 Nxe7 29. Rb4 Nd5 30. Nxd5 exd5 31. Ke3 c5 32. dxc5 Rxc5 33. Rb3 Rhc8 0-1


[Site "https://www.chess.com"]

[Event "Titled Tuesday Blitz May 25 2021"]
[White "Oganisian, Roman"]
[Black "Drygalov, Sergey"]
[WhiteFideId "4153006"]
[BlackFideId "24171743"]
[WhiteElo "2204"]
[BlackElo "2538"]
[Result "0-1"]
[Round "01"]
[TimeControl "180+1"]
[Date "2021.05.25"]
[WhiteClock "0:00:02"]
[BlackClock "0:01:55"]

1. e4 c5 2. Nc3 e6 3. g4 d5 4. Bg2 d4 5. Nce2 e5 6. Ng3 Nc6 7. d3 g6 8. h4 Be7 9. h5 Be6 10. Nh3 Qd7 11. g5 O-O-O 12. f4 f6 13. Nf2 exf4 14. Bxf4 fxg5 15. Bd2 Bd6 16. Qf3 Rf8 0-1


[Site "https://www.chess.com"]

[Event "Titled Tuesday Blitz May 25 2021"]
[White "Onyshchuk, Volodymyr"]
[Black "Girsh, Daniel"]
[WhiteFideId "14114038"]
[BlackFideId "30949190"]
[WhiteElo "2605"]
[BlackElo "2425"]
[Result "1-0"]
[Round "01"]
[TimeControl "180+1"]
[Date "2021.05.25"]
[WhiteClock "0:00:15"]
[BlackClock "0:00:08"]

1. e4 c5 2. Ne2 d6 3. g3 Nc6 4. Bg2 Nf6 5. c3 g6 6. d4 Bg7 7. d5 Nb8 8. a4 O-O 9. Na3 e6 10. O-O exd5 11. exd5 Re8 12. Nc4 Bf5 13. Nf4 Qc7 14. h3 Be4 15. f3 Bf5 16. g4 Bc8 17. Qd3 Nfd7 18. Bd2 b6 19. Rae1 Ne5 20. Nxe5 Rxe5 21. Rxe5 Bxe5 22. Ne2 Ba6 23. c4 Bxb2 24. Nc3 Nd7 25. f4 Re8 26. Rb1 Bxc3 27. Bxc3 Qd8 28. Bf1 Qh4 29. a5 bxa5 30. Bxa5 Nf6 31. Ra1 Ne4 32. Be1 Qf6 33. Rxa6 Qxf4 34. Bg2 Ng5 35. Bd2 Qf6 36. h4 Ne4 37. Bxe4 Qxh4 38. Qf3 h5 39. Rxa7 Rf8 40. gxh5 f5 41. Bd3 Rb8 42. hxg6 Rb3 43. g7 Qd4+ 44. Be3 Qxd3 45. Ra8+ Kxg7 46. Qg3+ Kf6 47. Qg5+ Kf7 48. Ra7+ Kf8 49. Qg7+ Ke8 50. Qe7# 1-0


[Site "https://www.chess.com"]

[Event "Titled Tuesday Blitz May 25 2021"]
[White "Pastar, Slaven"]
[Black "Martinez Alcantara, Jose Eduardo"]
[WhiteFideId "14402718"]
[BlackFideId "3805662"]
[WhiteElo "2227"]
[BlackElo "2690"]
[Result "0-1"]
[Round "01"]
[TimeControl "180+1"]
[Date "2021.05.25"]
[WhiteClock "0:00:08"]
[BlackClock "0:00:24"]

1. b4 Nf6 2. Bb2 e6 3. a3 d5 4. e3 Bd6 5. Nf3 O-O 6. c4 c6 7. c5 Bc7 8. Be2 Nbd7 9. d4 Qe7 10. Nbd2 e5 11. dxe5 Nxe5 12. Nxe5 Bxe5 13. Bxe5 Qxe5 14. O-O Bf5 15. Nf3 Qe7 16. Nd4 Bg6 17. Bd3 Rac8 18. Bxg6 hxg6 19. Qa4 a6 20. Qd1 Ne4 21. Qg4 Rfe8 22. Ra2 Nc3 23. Rc2 Nb5 24. a4 Nxd4 25. Qxd4 Qd7 26. Rd2 Qf5 27. Qd3 Re4 28. Rb1 Rce8 29. h3 Qg5 30. Rc2 f5 31. Ra2 f4 32. exf4 Qxf4 33. g3 Qf6 34. b5 axb5 35. axb5 Rc4 36. bxc6 bxc6 37. Ra7 Rf8 38. Qe2 Re4 39. Qd2 Rf7 40. Ra8+ Kh7 41. Rbb8 g5 42. Rh8+ Kg6 43. Qd1 Qxf2+ 44. Kh1 Re1+ 0-1


[Site "https://www.chess.com"]

[Event "Titled Tuesday Blitz May 25 2021"]
[White "Politov, Pavel Y."]
[Black "Rozen, Eytan"]
[WhiteFideId "24110515"]
[BlackFideId "2816750"]
[WhiteElo "2090"]
[BlackElo "1963"]
[Result "0-1"]
[Round "01"]
[TimeControl "180+1"]
[Date "2021.05.25"]
[WhiteClock "0:00:08"]
[BlackClock "0:00:15"]

1. d4 Nf6 2. Nc3 d6 3. e4 e5 4. dxe5 dxe5 5. Qxd8+ Kxd8 6. f4 Nbd7 7. Nf3 Bd6 8. Nb5 Nxe4 9. Nxd6 cxd6 10. fxe5 Nxe5 11. Bf4 f6 12. Bd3 Nc5 13. Be2 Kc7 14. O-O-O Re8 15. Rhe1 a6 16. Kb1 Bf5 17. Nd4 Be4 18. h3 Rad8 19. g4 g5 20. Bg3 Bg6 21. Bf1 Ne4 22. Bh2 Nc6 23. Nxc6 Kxc6 24. Bg2 d5 25. a3 Kb6 26. Ka1 h5 27. Rc1 hxg4 28. hxg4 Nc5 29. Bg1 Kb5 30. Bf1+ Kc6 31. Bg2 b5 32. Rf1 Re6 33. c4 Nb3+ 34. Ka2 Nxc1+ 35. Rxc1 bxc4 36. Rxc4+ Kd6 37. Bc5+ Ke5 38. Ra4 Be4 39. Bf1 Rc8 40. Bd4+ Kf4 41. Kb3 Bc2+ 42. Kb4 Bxa4 43. Kxa4 Re4 0-1


[Site "https://www.chess.com"]

[Event "Titled Tuesday Blitz May 25 2021"]
[White "Polok, Kacper"]
[Black "Mikhailovsky, Vladimir"]
[WhiteFideId "1137158"]
[BlackFideId "34105414"]
[WhiteElo "2196"]
[BlackElo "2308"]
[Result "0-1"]
[Round "01"]
[TimeControl "180+1"]
[Date "2021.05.25"]
[WhiteClock "0:01:14"]
[BlackClock "0:01:07"]

1. e4 e5 2. Nf3 d5 3. d4 dxe4 4. Nxe5 Bd6 5. Nc4 Nf6 6. Be3 O-O 7. Nxd6 Qxd6 8. c4 Rd8 9. Nc3 c5 10. dxc5 Qe7 11. Qc2 Na6 12. a3 Nxc5 13. Bxc5 Qxc5 14. Be2 e3 15. f3 Rd2 16. Ne4 Nxe4 17. Qxe4 Bf5 18. Qf4 Rxb2 19. Rd1 Bc2 20. Qd6 Qa5+ 21. Kf1 Bxd1 22. Qxd1 Rd8 23. Qc1 Rdd2 0-1


[Site "https://www.chess.com"]

[Event "Titled Tuesday Blitz May 25 2021"]
[White "Ponikarovsky, Alexey"]
[Black "Sihite, Chelsie Monica Ignesias"]
[WhiteFideId "4122887"]
[BlackFideId "7101198"]
[WhiteElo "1944"]
[BlackElo "2224"]
[Result "1-0"]
[Round "01"]
[TimeControl "180+1"]
[Date "2021.05.25"]
[WhiteClock "0:01:40"]
[BlackClock "0:00:53"]

1. e4 e5 2. d4 exd4 3. Nf3 Nc6 4. Bc4 Bc5 5. c3 Nf6 6. e5 d5 7. Bb5 Ne4 8. cxd4 Bb4+ 9. Bd2 Nxd2 10. Nbxd2 O-O 11. O-O Bg4 12. Bxc6 bxc6 13. Qc2 Rb8 14. b3 Bd7 15. Rac1 Ba3 16. Rb1 Qe7 17. h3 c5 18. dxc5 Bxc5 19. Rbc1 Bb6 20. Rfe1 c5 21. Nf1 Rbc8 22. Ne3 Be6 23. Nf5 Bxf5 24. Qxf5 Qe6 25. Qg5 h6 26. Qf4 c4 27. Nd4 Bxd4 28. Qxd4 cxb3 29. axb3 a6 30. Red1 Rxc1 31. Rxc1 Rb8 32. b4 g6 33. Rc5 Rb5 34. f4 Kh7 35. Kh2 h5 36. Rc7 Kg7 37. Rc5 h4 38. Rc7 Qf5 39. e6+ Kh6 40. Qh8# 1-0


[Site "https://www.chess.com"]

[Event "Titled Tuesday Blitz May 25 2021"]
[White "Praggnanandhaa R"]
[Black "Spitzl, Vinzent"]
[WhiteFideId "25059530"]
[BlackFideId "12901253"]
[WhiteElo "2555"]
[BlackElo "2192"]
[Result "1-0"]
[Round "01"]
[TimeControl "180+1"]
[Date "2021.05.25"]
[WhiteClock "0:00:17"]
[BlackClock "0:00:02"]

1. d4 d5 2. Nf3 Nf6 3. Bf4 c5 4. e3 Nc6 5. Nbd2 Qb6 6. dxc5 Qxc5 7. c4 d4 8. exd4 Nxd4 9. Bd3 Bg4 10. Be3 Nxf3+ 11. gxf3 Qd6 12. fxg4 Qxd3 13. g5 Nd7 14. Qb3 Qxb3 15. axb3 a6 16. b4 Rc8 17. b5 axb5 18. cxb5 e6 19. O-O Bc5 20. Ne4 Ke7 21. Nxc5 Nxc5 22. Ra7 Rhd8 23. Rc1 Nd7 24. Rxc8 Rxc8 25. Rxb7 Rb8 26. Bc5+ Kd8 27. Bb6+ Ke7 28. Bc5+ Kd8 29. Rxb8+ Nxb8 30. Bd4 g6 31. Kg2 Nd7 32. Kf3 Kc7 33. Ke4 Kd6 34. b4 e5 35. Bc5+ Ke6 36. b6 f5+ 37. gxf6 Nxf6+ 38. Kd3 Kd7 39. b7 Kc7 40. Bd6+ Kxb7 41. Bxe5 Ng4 42. Bg3 Kc6 43. Kc4 Nf6 44. f3 Nd7 45. b5+ Kb6 46. Bf2+ Kc7 47. Kd5 Nf6+ 48. Ke6 Nh5 49. Kf7 Nf4 50. Bg3 g5 51. Bxf4+ gxf4 1-0


[Site "https://www.chess.com"]

[Event "Titled Tuesday Blitz May 25 2021"]
[White "Pridorozhni, Aleksei"]
[Black "Vaidya, Atulya"]
[WhiteFideId "4127870"]
[BlackFideId "2047713"]
[WhiteElo "2565"]
[BlackElo "2429"]
[Result "1-0"]
[Round "01"]
[TimeControl "180+1"]
[Date "2021.05.25"]
[WhiteClock "0:00:32"]
[BlackClock "0:00:44"]

1. e4 c6 2. Nc3 d5 3. Qe2 dxe4 4. Nxe4 e6 5. Nf3 Nd7 6. d4 Ngf6 7. c3 Nxe4 8. Qxe4 Nf6 9. Qc2 Be7 10. Bd3 Bd7 11. O-O O-O 12. Bg5 h6 13. Bh4 Qb6 14. Ne5 Rad8 15. Rad1 Kh8 16. Qe2 Nd5 17. Bxe7 Nxe7 18. Qe4 g6 19. Qh4 Ng8 20. Bxg6 fxg6 21. Nxg6+ Kg7 22. Nxf8 Rxf8 23. Rd2 Be8 24. Re1 Bf7 25. h3 Qd8 26. Qxd8 Rxd8 27. f3 c5 28. Red1 cxd4 29. Rxd4 Rc8 30. Rd7 Rb8 31. Rc7 Nf6 32. c4 a6 33. Kf2 b5 34. c5 Nd5 35. Ra7 Rc8 36. Rc1 Nb4 37. Rd1 Nd5 38. b4 Rc6 39. a3 Kf6 40. Rd4 Bg6 41. f4 Bf5 42. g4 Bg6 43. Kg3 Bb1 44. h4 Bc2 45. Rd2 Bb1 46. Re2 Bc2 47. Rxc2 e5 48. fxe5+ Kxe5 49. Re2+ Kd4 50. Rd7 Kc4 51. Re4+ Kd3 52. Re5 1-0


[Site "https://www.chess.com"]

[Event "Titled Tuesday Blitz May 25 2021"]
[White "Prithu Gupta"]
[Black "Jobava, Baadur"]
[WhiteFideId "46618546"]
[BlackFideId "13601520"]
[WhiteElo "1775"]
[BlackElo "2748"]
[Result "0-1"]
[Round "01"]
[TimeControl "180+1"]
[Date "2021.05.25"]
[WhiteClock "0:01:27"]
[BlackClock "0:01:49"]

1. d4 d5 2. Bf4 Nf6 3. e3 c6 4. Nf3 Bf5 5. c4 e6 6. Nc3 Be7 7. Bd3 Bg6 8. O-O O-O 9. Ne5 Nbd7 10. Nxg6 hxg6 11. Rb1 a5 12. a3 Re8 13. Qc2 Nh5 14. Bg3 Nb6 15. c5 Nxg3 16. hxg3 Nd7 17. b4 axb4 18. axb4 e5 19. b5 exd4 20. exd4 Bf6 21. Ne2 Nf8 22. bxc6 bxc6 23. Rb6 Qc7 24. Rfb1 Ra7 25. Qb2 Ne6 26. Ra1 Rxa1+ 27. Qxa1 Nxc5 0-1


[Site "https://www.chess.com"]

[Event "Titled Tuesday Blitz May 25 2021"]
[White "Remizov, Yaroslav"]
[Black "Manukian, Artak"]
[WhiteFideId "34134015"]
[BlackFideId "13301373"]
[WhiteElo "2367"]
[BlackElo "2374"]
[Result "1-0"]
[Round "01"]
[TimeControl "180+1"]
[Date "2021.05.25"]
[WhiteClock "0:02:00"]
[BlackClock "0:02:00"]

1. e4 c6 2. Nf3 d5 3. Nc3 Bg4 4. h3 Bxf3 5. Qxf3 Nf6 6. d3 e5 7. g4 Bb4 8. g5 dxe4 9. dxe4 Bxc3+ 10. Qxc3 Nfd7 11. Be3 O-O 12. O-O-O Qc7 13. h4 b5 14. h5 a5 15. Bxb5 a4 16. g6 fxg6 17. hxg6 h6 18. Bc4+ Kh8 19. Bxh6 gxh6 20. g7+ Kxg7 21. Qg3+ Kh7 22. Rxh6+ 1-0


[Site "https://www.chess.com"]

[Event "Titled Tuesday Blitz May 25 2021"]
[White "Rich, Albert J"]
[Black "Wong, Yinn Long"]
[WhiteFideId "2028735"]
[BlackFideId "5707684"]
[WhiteElo "2379"]
[BlackElo "2016"]
[Result "0-1"]
[Round "01"]
[TimeControl "180+1"]
[Date "2021.05.25"]
[WhiteClock "0:00:03"]
[BlackClock "0:00:22"]

1. d4 Nf6 2. f3 e6 3. e4 d5 4. e5 Nfd7 5. f4 c5 6. c3 Nc6 7. Nf3 Qb6 8. a3 a5 9. Be2 f6 10. Qa4 Be7 11. b4 cxd4 12. b5 Nc5 13. Qd1 Ne4 14. cxd4 Na7 15. O-O O-O 16. Kh1 fxe5 17. fxe5 Bd7 18. a4 Rac8 19. Be3 Bb4 20. Bd3 Be8 21. Nbd2 Bg6 22. Nh4 Ng3+ 23. hxg3 Bxd3 24. Rxf8+ Rxf8 25. Ndf3 Be4 26. Qc1 Rc8 27. Qd1 Rc3 28. Bf2 Nc8 29. Be1 Rc4 30. Bxb4 axb4 31. g4 Ne7 32. Kh2 Rc3 33. Qe1 Ng6 34. Rc1 Nxh4 35. Nxh4 Qxd4 36. Rxc3 bxc3 37. Qc1 Qxe5+ 38. g3 Qd4 39. Ng2 Qd2 40. Qxd2 cxd2 41. Ne3 Bf3 42. Kg1 d1=Q+ 43. Nxd1 Bxd1 44. a5 Be2 45. b6 Ba6 46. Kf2 Kf7 47. Ke3 e5 48. g5 Ke6 0-1


[Site "https://www.chess.com"]

[Event "Titled Tuesday Blitz May 25 2021"]
[White "Rodriguez, Santiago"]
[Black "Krivonosov, Oleg"]
[WhiteFideId "3000591"]
[BlackFideId "11600349"]
[WhiteElo "2256"]
[BlackElo "2469"]
[Result "0-1"]
[Round "01"]
[TimeControl "180+1"]
[Date "2021.05.25"]
[WhiteClock "0:00:10"]
[BlackClock "0:01:21"]

1. d4 d5 2. Bf4 Nf6 3. e3 e6 4. Nf3 Bd6 5. Bg3 c5 6. c3 Qc7 7. Nbd2 Nbd7 8. Bb5 O-O 9. Qe2 e5 10. Bxd7 Nxd7 11. dxe5 Nxe5 12. O-O Bg4 13. Bxe5 Bxe5 14. h3 Bxf3 15. Nxf3 Bf6 16. Rad1 Rfd8 17. Rd2 Rd6 18. Rfd1 Rad8 19. Qd3 g6 20. b4 b6 21. h4 h5 22. g3 Kg7 23. Kg2 Qc6 24. b5 Qc7 25. a4 Qe7 26. Qc2 Qe6 27. c4 d4 28. exd4 Bxd4 29. Nxd4 Rxd4 30. Rxd4 cxd4 31. c5 Qd5+ 32. Kh2 Qxc5 33. Qe4 d3 34. Rxd3 Qxf2+ 35. Kh3 Qf1+ 36. Kh2 Qxd3 0-1


[Site "https://www.chess.com"]

[Event "Titled Tuesday Blitz May 25 2021"]
[White "Rustemov, Alexander"]
[Black "Buchenau, Frank"]
[WhiteFideId "4119002"]
[BlackFideId "4604350"]
[WhiteElo "2710"]
[BlackElo "2255"]
[Result "1-0"]
[Round "01"]
[TimeControl "180+1"]
[Date "2021.05.25"]
[WhiteClock "0:00:14"]
[BlackClock "0:00:02"]

1. d4 e6 2. c4 Nf6 3. Nf3 b6 4. a3 Ba6 5. e3 d5 6. Nbd2 Be7 7. Bd3 O-O 8. O-O c5 9. b3 Nbd7 10. Bb2 Rc8 11. Qe2 Qc7 12. Rfc1 Qb8 13. a4 Bb7 14. a5 Ne4 15. axb6 axb6 16. cxd5 exd5 17. h3 Rfe8 18. Bb5 Bc6 19. Bxc6 Rxc6 20. Nxe4 dxe4 21. Ne5 Nxe5 22. dxe5 Rg6 23. Qc4 Qc8 24. Kf1 Qf5 25. Rd1 Bh4 26. Qe2 h5 27. Ra7 Rd8 28. Rxd8+ Bxd8 29. Ra8 Qd7 30. Qxh5 Re6 31. Qe2 Re8 32. Kg1 Qd3 33. Qxd3 exd3 34. Kf1 Kf8 35. Ke1 b5 36. Kd2 c4 37. f4 Be7 38. Rxe8+ Kxe8 39. bxc4 1-0


[Site "https://www.chess.com"]

[Event "Titled Tuesday Blitz May 25 2021"]
[White "Sadhwani, Raunak"]
[Black "Garcia, Gabriel Gonzaga"]
[WhiteFideId "35093487"]
[BlackFideId "2138956"]
[WhiteElo "2514"]
[BlackElo "2240"]
[Result "1-0"]
[Round "01"]
[TimeControl "180+1"]
[Date "2021.05.25"]
[WhiteClock "0:01:09"]
[BlackClock "0:00:20"]

1. b3 e5 2. Bb2 Nc6 3. c4 Nf6 4. Nf3 Bc5 5. d3 O-O 6. e3 e4 7. dxe4 Nxe4 8. Nbd2 d5 9. cxd5 Qxd5 10. Bc4 Qf5 11. Nxe4 Qxe4 12. O-O Rd8 13. Bxf7+ Kf8 14. Qc1 Bd6 15. Qc3 Qg4 16. h3 Bb4 17. Qxc6 bxc6 18. hxg4 Kxf7 19. Ne5+ Ke6 20. Nxc6 Rd2 21. Nxb4 Rxb2 22. Rfc1 a5 23. Nd3 Rd2 24. Nf4+ Kf6 25. Rc6+ Rd6 26. Nh5+ Kg6 27. Rxd6+ cxd6 28. f3 a4 29. Rd1 Ra6 30. b4 a3 31. Nf4+ Kf6 32. b5 Ra5 33. Rxd6+ Ke7 34. Rd3 Be6 35. Nxe6 Kxe6 36. Rb3 Kd6 37. b6 1-0


[Site "https://www.chess.com"]

[Event "Titled Tuesday Blitz May 25 2021"]
[White "Sadovsky, Artem"]
[Black "Petrova, Irina"]
[WhiteFideId "4155840"]
[BlackFideId "14124122"]
[WhiteElo "2476"]
[BlackElo "2022"]
[Result "1-0"]
[Round "01"]
[TimeControl "180+1"]
[Date "2021.05.25"]
[WhiteClock "0:00:06"]
[BlackClock "0:00:01"]

1. Nf3 d6 2. g3 e5 3. Bg2 Nc6 4. O-O f5 5. d3 Nf6 6. e4 g6 7. Nh4 f4 8. gxf4 Nxe4 9. Nf3 Nf6 10. Re1 Bg7 11. fxe5 dxe5 12. Nxe5 O-O 13. Nxc6 bxc6 14. Nc3 Bg4 15. Bf3 Bxf3 16. Qxf3 Nd5 17. Qg2 Nxc3 18. Bg5 Qd5 19. Qg4 h5 20. Qh4 Na4 21. Re7 Nb6 22. Rae1 Rf5 23. Bc1 Raf8 24. R1e4 Qc5 25. Be3 Qxc2 26. Rxg7+ Kxg7 27. Re7+ R8f7 28. Bd4+ Kh7 29. Qe4 Qd1+ 30. Kg2 Qf3+ 31. Qxf3 Rxf3 32. Re6 R3f4 33. Be3 R4f6 34. Re4 Nd5 35. Bxa7 Nf4+ 36. Kf1 Nxd3 37. Re2 Nb4 38. a3 Nd5 39. Bc5 Kg8 40. a4 Kh7 41. a5 Rf5 42. a6 Nb6 43. b4 Na8 44. Re8 Nb6 45. Ke1 R5f6 46. Bxb6 cxb6 47. Rb8 Ra7 48. Rxb6 Kh6 49. b5 Re6+ 50. Kf1 Kg5 51. bxc6 Rd6 52. c7 Rd1+ 53. Ke2 1-0


[Site "https://www.chess.com"]

[Event "Titled Tuesday Blitz May 25 2021"]
[White "Samsonkin, Artiom"]
[Black "Suvrajit, Saha"]
[WhiteFideId "13503111"]
[BlackFideId "5002532"]
[WhiteElo "2513"]
[BlackElo "2304"]
[Result "1-0"]
[Round "01"]
[TimeControl "180+1"]
[Date "2021.05.25"]
[WhiteClock "0:01:08"]
[BlackClock "0:00:02"]

1. e4 e6 2. d4 d5 3. Nc3 Nf6 4. e5 Nfd7 5. f4 c5 6. Nf3 Nc6 7. Be3 cxd4 8. Nxd4 Bb4 9. a3 Bxc3+ 10. bxc3 Nxd4 11. cxd4 Nb6 12. Bd3 Qh4+ 13. g3 Qe7 14. O-O Bd7 15. Bd2 Rc8 16. Bb4 Qd8 17. f5 exf5 18. Bxf5 Bxf5 19. Rxf5 Rc6 20. Qf3 Qd7 21. Rf1 Qe6 22. Rxf7 Rxc2 23. Re7+ Qxe7 24. Bxe7 Kxe7 25. Qf7+ Kd8 26. Qxg7 Re8 27. Qxb7 1-0


[Site "https://www.chess.com"]

[Event "Titled Tuesday Blitz May 25 2021"]
[White "Sanal, Vahap"]
[Black "Benkovic, Petar"]
[WhiteFideId "6300545"]
[BlackFideId "922641"]
[WhiteElo "2507"]
[BlackElo "2416"]
[Result "1-0"]
[Round "01"]
[TimeControl "180+1"]
[Date "2021.05.25"]
[WhiteClock "0:01:34"]
[BlackClock "0:00:03"]

1. d4 d5 2. Nf3 Nf6 3. Bf4 e6 4. e3 Bd6 5. Bxd6 Qxd6 6. c4 O-O 7. Nc3 dxc4 8. Bxc4 c5 9. O-O a6 10. e4 cxd4 11. e5 Qc5 12. exf6 dxc3 13. fxg7 Kxg7 14. Qb3 cxb2 15. Qxb2+ f6 16. Rac1 Qe7 17. Rfe1 Nc6 18. Nh4 e5 19. Bd5 Qb4 20. Qxb4 Nxb4 21. Rc7+ Kh6 22. Bb3 Rd8 23. f4 Nd3 24. Rd1 e4 25. Bf7 Bg4 26. h3 Nxf4 27. Rxd8 Rxd8 28. hxg4 Rd1+ 29. Kh2 Kg5 30. Nf5 Rd2 31. Ne3 Re2 32. Rc5+ Kh6 33. Nf5+ Kg5 34. Ng3+ Kxg4 35. Nxe2 Nxe2 36. Bh5+ 1-0


[Site "https://www.chess.com"]

[Event "Titled Tuesday Blitz May 25 2021"]
[White "Savitski, Andrei"]
[Black "Shubenkova, Veronika"]
[WhiteFideId "13506161"]
[BlackFideId "44124040"]
[WhiteElo "2121"]
[BlackElo "1895"]
[Result "1-0"]
[Round "01"]
[TimeControl "180+1"]
[Date "2021.05.25"]
[WhiteClock "0:01:06"]
[BlackClock "0:01:13"]

1. c4 e6 2. Nf3 d5 3. b3 Nf6 4. Bb2 Be7 5. e3 O-O 6. Qc2 b6 7. g4 Bb7 8. g5 Nh5 9. cxd5 Bxd5 10. Be2 Na6 11. a3 Nc5 12. b4 Ne4 13. Rg1 c5 14. b5 Rc8 15. Ne5 Bd6 16. Bxh5 Qc7 17. f4 c4 18. Nc3 Nc5 19. Nxd5 exd5 20. Be2 Nb3 21. Qc3 Nxa1 22. Ng4 f6 23. Bxa1 fxg5 24. Bf3 gxf4 25. Bxd5+ Kh8 26. Nh6 fxe3 27. Qxg7+ Qxg7 28. Bxg7# 1-0


[Site "https://www.chess.com"]

[Event "Titled Tuesday Blitz May 25 2021"]
[White "Sawlin, Leonid"]
[Black "Andreikin, Dmitry"]
[WhiteFideId "4689542"]
[BlackFideId "4158814"]
[WhiteElo "2412"]
[BlackElo "2782"]
[Result "0-1"]
[Round "01"]
[TimeControl "180+1"]
[Date "2021.05.25"]
[WhiteClock "0:00:03"]
[BlackClock "0:01:21"]

1. e4 c5 2. Nf3 e6 3. g3 Nc6 4. Bg2 Nf6 5. Nc3 d5 6. exd5 exd5 7. d4 Bg4 8. O-O cxd4 9. Nb5 Bc5 10. Re1+ Ne4 11. h3 Be6 12. Nbxd4 Nxd4 13. Nxd4 Nxf2 14. Kxf2 Qf6+ 15. Bf3 Bxd4+ 16. Kg2 O-O 17. c3 Bb6 18. Bf4 d4 19. Be5 Qh6 20. h4 dxc3 21. Bxc3 Rad8 22. Qc1 Qg6 23. Qf4 Bd5 24. Rad1 Qc2+ 25. Kh1 Bc7 26. Qg4 Qg6 27. Kh2 Bxf3 28. Qxf3 h5 0-1


[Site "https://www.chess.com"]

[Event "Titled Tuesday Blitz May 25 2021"]
[White "Saya, Ethan"]
[Black "Bok, Benjamin"]
[WhiteFideId "26095181"]
[BlackFideId "1017063"]
[WhiteElo "2241"]
[BlackElo "2674"]
[Result "0-1"]
[Round "01"]
[TimeControl "180+1"]
[Date "2021.05.25"]
[WhiteClock "0:00:01"]
[BlackClock "0:00:10"]

1. e4 c5 2. Nc3 d6 3. d4 cxd4 4. Qxd4 Nc6 5. Bb5 Bd7 6. Bxc6 Bxc6 7. Nf3 Nf6 8. Bg5 e6 9. O-O-O Be7 10. Bxf6 Bxf6 11. Qxd6 Qxd6 12. Rxd6 Bxc3 13. bxc3 Bxe4 14. Ne5 Rc8 15. Kb2 Rc5 16. Rhd1 O-O 17. Nd7 Rb5+ 18. Kc1 Rc8 19. Nc5 Bd5 20. c4 Rbxc5 21. cxd5 Rxc2+ 22. Kb1 Rxf2 23. dxe6 fxe6 24. Rd8+ Rxd8 25. Rxd8+ Kf7 26. Rd7+ Kf6 27. Rxb7 Rxg2 28. Rxa7 Rxh2 29. a4 h5 30. a5 h4 31. a6 Rd2 32. Ra8 Rd7 33. Kc2 h3 34. Rh8 Ra7 35. Rxh3 Rxa6 36. Kd2 Ra2+ 37. Ke1 g5 38. Kf1 Kf5 39. Rf3+ Ke4 40. Rf8 e5 41. Rg8 g4 42. Ke1 Ke3 43. Kf1 e4 44. Kg1 Kf3 45. Rg7 Ke3 46. Rxg4 Kf3 47. Rg8 Ra1+ 48. Kh2 e3 49. Rf8+ Ke2 50. Kg2 Kd2 51. Rd8+ Ke1 52. Rb8 e2 53. Rb7 Kd2 54. Rd7+ Kc3 55. Rc7+ Kd4 56. Rd7+ Kc5 57. Re7 e1=Q 0-1


[Site "https://www.chess.com"]

[Event "Titled Tuesday Blitz May 25 2021"]
[White "Selbes, Tarik"]
[Black "Hess, Robert"]
[WhiteFideId "6302513"]
[BlackFideId "2022036"]
[WhiteElo "2290"]
[BlackElo "2557"]
[Result "0-1"]
[Round "01"]
[TimeControl "180+1"]
[Date "2021.05.25"]
[WhiteClock "0:00:06"]
[BlackClock "0:00:05"]

1. e4 g6 2. d4 Bg7 3. Nc3 a6 4. Be3 d6 5. f4 b5 6. Nf3 Bb7 7. Bd3 Nd7 8. O-O c5 9. a4 c4 10. Be2 b4 11. Na2 Bxe4 12. Ng5 Bb7 13. Bxc4 d5 14. Bd3 h6 15. Nf3 a5 16. Ne5 Ngf6 17. c3 bxc3 18. Nxc3 O-O 19. Qf3 e6 20. Qg3 Ne4 21. Bxe4 dxe4 22. Rad1 Nf6 23. Qh4 Nd5 24. Qe1 Nb4 25. Qd2 Rc8 26. f5 exf5 27. Bxh6 Bxh6 28. Qxh6 Qf6 29. Nd7 Qg7 30. Qxg7+ Kxg7 31. Nxf8 Kxf8 32. d5 Rc4 33. Nb5 Bxd5 34. Nd6 Rc2 35. Rf2 e3 36. Rxc2 Nxc2 37. Rxd5 e2 38. Re5 e1=Q+ 39. Rxe1 Nxe1 40. Nb7 Nd3 41. Nxa5 Nxb2 42. Nc6 Nxa4 43. Nd4 Nc5 44. Kf2 Ne6 45. Kf3 Nxd4+ 0-1


[Site "https://www.chess.com"]